 Dungeon Crawl Stone Soup version 0.30.1-11-g7821555f0a (webtiles) character file.

Game seed: 3090665780437778451

5294 Cheops the Basher (level 10, -2/102 HPs)
             Began as an Ogre Fighter on Dec 10, 2023.
             Was a Believer of Okawaru.
             Slain by Erica
             ... wielding a +0 scimitar of flaming
              (8 damage)
             ... on level 9 of the Dungeon on Dec 11, 2023.
             The game lasted 00:32:49 (14520 turns).

Cheops the Basher (Ogre Fighter)                   Turns: 14520, Time: 00:32:49

Health: -2/102     AC:  3    Str: 27    XL:     10   Next: 63%
Magic:  10/10      EV:  9    Int: 11    God:    Okawaru [**....]
Gold:   309        SH:  0    Dex:  8    Spells: 9/9 levels left

rFire   . . .        a - +1 hammer "Butsaph" {venom, Str+3}
rCold   . . .        c - +0 kite shield
rNeg    + . .        v - +0 robe
rPois   .            (helmet restricted)
rElec   .            n - scarf {+Inv}
rCorr   .            (gloves unavailable)
SInv    .            (boots unavailable)
Will    +....        m - amulet of reflection
Stlth   +            h - ring of positive energy
HPRegen 0.37/turn    (no ring)
MPRegen 0.12/turn

%: reflection
@: confused, lethally poisoned (-2 -> -3)
A: large, unfitting armour, tough skin 1
a: Renounce Religion, Evoke Invisibility, Heroism


You were on level 9 of the Dungeon.
You worshipped Okawaru.
Okawaru was pleased with you.
You visited 2 branches of the dungeon, and saw 10 of its levels.
You also visited: Sewer.

You collected 488 gold pieces.
You spent 179 gold pieces at shops.

Inventory:

Hand Weapons
 a - the +1 hammer "Butsaph" (weapon) {venom, Str+3}
   (You found it on level 7 of the Dungeon)

   Str:       It affects your strength (+3).
 b - a +0 flail of protection
 t - a +0 flail
 C - a +0 giant spiked club
 D - a +0 dire flail
 E - a +2 whip of draining
 G - the +1 hammer of Kismet {freeze, rPois Int+4}
   (You found it on level 7 of the Dungeon)

   Int:       It affects your intelligence (+4).
   rPois:     It protects you from poison.
 H - a +1 falchion of flaming
 K - a +1 hand axe of flaming
Armour
 c - a +0 kite shield (worn)
 n - a scarf of invisibility (worn)
 o - a +0 cloak
 v - a +0 robe (worn)
Magical Staves
 x - a staff of fire
Jewellery
 h - a ring of positive energy (left hand)
 m - an amulet of reflection (around neck)
 F - an amulet of regeneration
Wands
 s - a wand of acid (8)
 u - a wand of polymorph (4)
 y - a wand of charming (19)
 J - a wand of mindburst (10)
Scrolls
 f - 3 scrolls of fear
 i - 5 scrolls of identify
 j - 4 scrolls of amnesia
 k - 3 scrolls of teleportation
 r - 3 scrolls of magic mapping
 w - a scroll of blinking
 z - a scroll of fog
 B - a scroll of enchant weapon
 I - 2 scrolls of poison
 L - a scroll of immolation {unknown}
Potions
 d - 4 potions of might
 e - 3 potions of invisibility
 g - 2 potions of curing
 l - a potion of cancellation
 p - 2 potions of attraction
 q - a potion of flight
 A - a potion of haste
 M - a potion of ambrosia {unknown}


   Skills:
 - Level 7.0 Fighting
 + Level 12.2 Maces & Flails
 - Level 2.6 Dodging
 - Level 4.0 Shields
 - Level 5.0 Evocations


You had 9 spell levels left.
You didn't know any spells.
Your spell library contained the following spells:

 Spells                   Type           Power      Damage    Failure   Level
 Sting                    Tmut/Pois      0%         1d3       56%         1
 Ensorcelled Hibernation  Hex/Ice        0%         N/A       71%         2
 Poisonous Vapours        Pois/Air       0%         N/A       71%         2
 Dazzling Flash           Conj/Hex       0%         N/A       91%         3
 Gell's Gravitas          Tloc           0%         N/A       91%         3
 Spider Form              Tmut/Pois      0%         N/A       91%         3
 Teleport Other           Tloc           0%         N/A       91%         3
 Anguish                  Hex/Necr       0%         N/A       100%        4
 Olgreb's Toxic Radiance  Pois           0%         N/A       100%        4
 Passage of Golubria      Tloc           0%         N/A       100%        4
 Agony                    Necr           0%         N/A       100%        5
 Silence                  Hex/Air        0%         N/A       100%        5
 Yara's Violent Unravell  Hex/Tmut       0%         3d3       100%        5
 Dispersal                Tloc           0%         N/A       100%        6
 Storm Form               Tmut/Air       0%         N/A       100%        7
 Maxwell's Capacitive Co  Air            0%         ∞         100%        8
 Summon Small Mammal      Summ           Unusable   N/A       N/A         1
 Call Canine Familiar     Summ           Unusable   N/A       N/A         3
 Summon Guardian Golem    Hex/Summ       Unusable   N/A       N/A         3
 Tukima's Dance           Hex            Unusable   N/A       N/A         3
 Summon Lightning Spire   Summ/Air       Unusable   N/A       N/A         4

Dungeon Overview and Level Annotations

Branches:
Dungeon (9/15)             Temple (1/1) D:7           Sewer (visited)
   Lair: D:8-11         Orc: D:9-12

Altars:
Ashenzari
Cheibriados
Dithmenos
Elyvilon
Fedhas
Gozag
Hepliaklqana
Kikubaaqudgha
Makhleb
Nemelex Xobeh
Okawaru
Qazlal
Ru
Sif Muna
Trog
Uskayaw
Vehumet
Wu Jian
Xom
Yredelemnul
Zin
The Shining One

Shops:
D:2 [?   D:4 *

Annotations:
D:9 Erica


Innate Abilities, Weirdness & Mutations

You are too large for most types of armour.
You have tough skin. (AC +1)


Message History

a +0 club; a +0 club
There is an open door here.
You close the door.
You start waiting.
Something unseen opens the door.
You hear some strange, mumbled words.
A bolt of poison appears from out of thin air!
The bolt of poison hits you!!
You are poisoned.
There is an open door here.
You miss something.
You feel very sick.
You barely miss something.
You feel sick. Something hits you! Something burns you.
You hit something.
You feel sick. Something hits you. Something burns you.
You hit something but do no damage.
You feel sick.
You sock something!
You feel sick.
Erica appears from thin air!
Reactivating autopickup.
You block Erica's attack.
You closely miss Erica.
Erica is moderately wounded.
You feel sick. Erica gestures at you while chanting.
You resist with some effort.
You thump Erica!
Erica looks as sick as possible!
Erica is heavily wounded.
You feel sick. Erica gestures at you while chanting.
You are confused.
Erica attacks as you move away!
Erica hits you with a +0 scimitar of flaming!!
* * * LOW HITPOINT WARNING * * *
Erica burns you!
* * * LOW HITPOINT WARNING * * *
You feel sick.
You're too confused to move!
You feel sick.
Erica hits you with a +0 scimitar of flaming!!
* * * LOW HITPOINT WARNING * * *
Erica burns you!
You die...

.###.'...###....<# #....)......
....>##### #.....# ######+#####
##'### #.....# #)# #.# ####'##
###.# #.# #..# #...# #.#
#####'### ##'###### #.#
#.......# ###.......# #.#
#.......# #.'.......'.
#.#######......@#####.#.......#.
#.......'.......@)[)).#.......#
#.#######.......#######.......#
#.# #####'### ###'##### #.# #.#
.# #.## ####.# .# #..# #.)..# .#
##.# #)#### ###.## ###÷########


You could see Erica (strong, extremely poisoned).

Vanquished Creatures
  Grinder (D:6)
  A blink frog (D:5)
  6 yaks (D:9)
  Eustachio (D:4)
  5 water moccasins
  A sky beast (D:6)
  3 ice beasts
  A black bear (D:6)
  4 orc warriors
  An ogre (D:6)
  A centaur (D:7)
  2 phantoms
  7 bullfrogs
  A kobold brigand (D:8)
  A scorpion (D:5)
  A gnoll sergeant (D:9)
  4 wights (D:9)
  A howler monkey (D:5)
  2 gnoll boudas
  Crazy Yiuf (D:7)
  3 jellies
  5 orc priests
  A hound (D:4)
  5 iguanas
  13 orc wizards
  18 gnolls
  11 adders
  2 shadow imps (D:6)
  3 white imps (D:7)
  An ufetubus (D:4)
  3 worms
  3 dart slugs
  37 orcs
  21 ball pythons
  18 endoplasms
  17 giant cockroaches
  6 goblins
  8 hobgoblins
  6 jackals
  7 kobolds
  15 quokkas
  4 bats
  7 frilled lizards
  5 rats
264 creatures vanquished.

Vanquished Creatures (others)
  An orc wizard (D:5)
1 creature vanquished.

Grand Total: 265 creatures vanquished

Notes
Turn   | Place    | Note
-------+----------+-------------------------------------------
     0 | D:1      | Cheops the Ogre Fighter began the quest for the Orb.
     0 | D:1      | Reached XP level 1. HP: 24/24 MP: 1/1
    50 | D:1      | Reached skill level 2 in Maces & Flails
   156 | D:1      | Reached XP level 2. HP: 24/32 MP: 2/2
   251 | D:1      | Reached XP level 3. HP: 5/40 MP: 3/3
   757 | D:2      | Found Hikk's Magic Scroll Boutique.
   760 | D:2      | Bought a scroll of identify for 22 gold pieces
   760 | D:2      | Bought a scroll of teleportation for 33 gold pieces
   816 | D:2      | Found Xiwkirio's Armour Emporium.
   851 | D:2      | Reached XP level 4. HP: 49/49 MP: 4/4
   983 | D:2      | Reached skill level 3 in Maces & Flails
  1392 | D:2      | Bought a scroll of fear for 44 gold pieces
  1609 | D:3      | Reached XP level 5. HP: 26/55 MP: 5/5
  2255 | D:4      | Noticed Eustachio
  2363 | D:4      | Found a hazy altar of Hepliaklqana.
  2366 | D:4      | Found a shimmering altar of Xom.
  2368 | D:4      | Found a radiant altar of Vehumet.
  2371 | D:4      | Found a shimmering blue altar of Sif Muna.
  2372 | D:4      | Found a basalt altar of Yredelemnul.
  2593 | D:4      | Reached skill level 5 in Fighting
  2785 | D:4      | Reached XP level 6. HP: 64/67 MP: 6/6
  3057 | D:4      | Killed Eustachio
  3058 | D:4      | Reached skill level 4 in Maces & Flails
  3237 | D:4      | Reached XP level 7. HP: 68/78 MP: 7/7
  3373 | D:4      | Found Weyzxyawk's General Store.
  3381 | D:4      | Bought a potion of degeneration for 14 gold pieces
  3450 | D:2      | Bought 3 scrolls of identify for 66 gold pieces
  3657 | D:4      | Found a shadowy altar of Dithmenos.
  3671 | D:4      | Reached skill level 5 in Maces & Flails
  4931 | D:2      | Found Hikk's Magic Scroll Boutique.
  4985 | D:2      | Found Xiwkirio's Armour Emporium.
  5795 | D:4      | Found Weyzxyawk's General Store.
  5934 | D:4      | Found a shadowy altar of Dithmenos.
  6302 | D:4      | Found a hazy altar of Hepliaklqana.
  6303 | D:4      | Found a shimmering altar of Xom.
  6309 | D:4      | Found a radiant altar of Vehumet.
  6311 | D:4      | Found a shimmering blue altar of Sif Muna.
  6314 | D:4      | Found a basalt altar of Yredelemnul.
  6802 | D:5      | Entered Level 5 of the Dungeon
  6876 | D:5      | Found a glowing drain.
  6957 | D:5      | Reached skill level 6 in Maces & Flails
  7091 | Sewer    | Entered a sewer
  7598 | Sewer    | Reached skill level 1 in Evocations
  7602 | Sewer    | Reached XP level 8. HP: 63/87 MP: 8/8
  7939 | D:5      | an orc warrior changed into a blink frog
  7939 | D:5      | Noticed a blink frog
  8052 | D:5      | Killed a blink frog
  8618 | D:5      | Found a snail-covered altar of Cheibriados.
  8732 | D:6      | Found a bloodstained altar of Trog.
  8933 | D:6      | Reached skill level 5 in Evocations
  9024 | D:6      | Noticed Grinder
  9107 | D:6      | Paralysed by Grinder for 5 turns
  9119 | D:6      | Killed Grinder
  9120 | D:6      | Reached skill level 7 in Maces & Flails
  9120 | D:6      | Reached XP level 9. HP: 82/93 MP: 9/9
  9597 | D:6      | Reached skill level 8 in Maces & Flails
 10187 | D:6      | Reached skill level 9 in Maces & Flails
 10659 | D:7      | Found a runed translucent door.
 10660 | D:7      | Noticed Crazy Yiuf
 10666 | D:7      | Killed Crazy Yiuf
 10670 | D:7      | Identified the +1 hammer "Butsaph" {venom, Str+3}
 10671 | D:7      | Identified the +1 hammer of Kismet {freeze, rPois Int+4}
 10998 | D:7      | Reached skill level 10 in Maces & Flails
 11696 | D:7      | Found a staircase to the Ecumenical Temple.
 11705 | Temple   | Entered the Ecumenical Temple
 11736 | Temple   | Became a worshipper of Warmaster Okawaru
 11861 | D:7      | Reached XP level 10. HP: 76/102 MP: 10/10
 12258 | D:8      | Reached skill level 11 in Maces & Flails
 12801 | D:8      | Found a burning altar of Makhleb.
 13016 | D:8      | Found an ornate altar of the Wu Jian Council.
 13980 | D:9      | Reached * piety under Okawaru
 14259 | D:9      | Reached ** piety under Okawaru
 14260 | D:9      | Reached skill level 12 in Maces & Flails
 14476 | D:9      | Noticed Erica
 14520 | D:9      | Slain by Erica

Illustrated notes

Levels and vault maps discovered:
D:1:      dpeg_arrival_rooms_c, layout_rooms
D:2:      layout_loops_ring, serial_shops, shop,
          nicolae_shop_tiny_real_fake_doors, minmay_misc_feat_tiny,
          minmay_tree_intersection
D:3:      layout_basic
D:4:      minmay_bubble_buster, layout_layer_cave, minitemple,
          nicolae_dithmenos_the_darkroom, serial_shops,
          nicolae_shop_temple_entry_statues_fountains, minmay_box_of_dots,
          uniq_eustachio
D:5:      layout_loops_cross, cheibriados_altar_1, portal_sewer_entry_f,
          minmay_checkerbox
D:6:      layout_basic, nicolae_overflow_hidden_temple, uniq_grinder
D:7:      wander_river, layout_loops_ring, lemuel_temple_firewalk_a,
          st_stairs_9, uniq_crazy_yiuf_cottage
D:8:      layout_layer_cave, kennysheep_mini, mainiacjoe_overflow_alcove_2
D:9:      layout_roguey, david_lair_shrubbed, special_room [special_room_orc],
          uniq_erica, uniq_maggie
Temple:   hellmonk_temple_two_chambers

Skill      XL: |  1  2  3  4  5  6  7  8  9 10 |
---------------+-------------------------------+-----
Maces & Flails | 2 3 4 6 7 10 12 | 12.2
Shields        | 4 |  4.0
Fighting       | 6 7 |  7.0
Evocations     | 2 5 |  5.0
Dodging        | |  2.6

Action                     |  1- 3 |  4- 6 |  7- 9 | 10-12 || total
---------------------------+-------+-------+-------+-------++-------
  Melee: Flail             |    76 |   198 |   504 |    21 ||   799
         Mace              |       |       |    97 |   186 ||   283
  Evoke: Wand              |       |       |     3 |     1 ||     4
    Use: Scroll            |     2 |     3 |     7 |       ||    12
         Potion            |       |       |     2 |       ||     2
 Armour: Robe              |    30 |    52 |   147 |    20 ||   249
  Dodge: Dodged            |    29 |    85 |   144 |    49 ||   307
  Block: Kite shield       |    30 |   129 |   386 |   105 ||   650
         Reflection        |       |     3 |     9 |     2 ||    14
